Map: World of Sleepers LE

Players

jhosbel

  • Race: Terran Terran
  • League: Silver
  • Spawn Location: 1:00

Ratl - Winner!

  • Race: Protoss Protoss
  • League: Silver
  • Spawn Location: 7:00

VOD

Have the link to the VOD?

Description

Time

  • Played on: Feb. 3, 2020, 7:48 p.m.
  • Length: 11:18
Show
View Real Time Build Order
Export as new Build Order

jhosbel Terran 

Build Orders:  

Get SALT Encoding   

  12  0:04  SCV  
  13  0:17  SCV  
  14  0:24  Supply Depot  
  14  0:29  SCV  
  15  0:46  SCV  
  16  0:50  Barracks  
  16  0:58  SCV  
  17  1:11  SCV  
  18  1:19  Refinery  
  19  1:32  SCV  
  19  1:38  Supply Depot  
  19  1:53  Marine, Command Center  
  20  1:57  SCV  
  21  2:09  SCV  
  21  2:11  Marine  
  23  2:17  Bunker  
  23  2:28  Marine  
  23  2:29  SCV  
  25  2:39  Refinery  
  25  2:41  SCV  
  26  2:46  Marine  
  27  2:53  SCV  
  28  3:05  SCV  
  29  3:17  SCV  
  30  3:22  Factory  
  30  3:28  Engineering Bay  
  30  3:30  SCV  
  31  3:44  SCV  
  31  3:46  Marine  
  33  3:56  SCV  
  34  4:04  Marine, Bunker  
  34  4:08  SCV  
  36  4:10  Factory Tech Lab  
  36  4:17  Missile Turret  
  36  4:20  SCV  
  36  4:22  Marine  
  38  4:32  SCV  
  38  4:37  Starport  
  38  4:38  Bunker  
  39  4:39  Marine  
  39  4:44  Bunker  
  40  4:57  Marine  
  41  5:15  Missile Turret  
  41  5:20  Supply Depot  
  41  5:34  Factory  
  41  5:37  Missile Turret, Barracks Tech Lab  
  41  5:42  Supply Depot  
  41  5:54  Barracks  
  41  5:56  SCV  
  42  6:00  Refinery  
  42  6:02  Refinery  
  42  6:05  Mag-Field Accelerator  
  42  6:06  Supply Depot  
  42  6:08  SCV  
  43  6:11  Starport Tech Lab  
  43  6:13  Terran Infantry Weapons Level 1  
  43  6:20  SCV  
  43  6:23  Missile Turret  
  44  6:29  Supply Depot  
  44  6:32  SCV  
  45  6:39  Supply Depot  
  45  6:43  Barracks  
  45  6:44  SCV  
  45  6:45  Missile Turret  
  42  6:52  Missile Turret  
  37  6:59  Marine  
  37  7:01  Supply Depot  
  37  7:03  Siege Tank  
  37  7:05  Factory Tech Lab  
  40  7:11  Bunker  
  40  7:14  Bunker  
  40  7:16  Marine  
  40  7:24  Supply Depot  
  40  7:34  Marine  
  41  7:48  Bunker  
  41  7:52  Marine  
  42  8:08  Terran Infantry Armor Level 1  
  42  8:10  Marine  
  43  8:21  Refinery  
  46  8:41  Siege Tank  
  46  8:42  Siege Tank  
  46  8:45  Refinery  
  46  8:46  Barracks Reactor  
  46  8:48  Barracks Reactor  
  49  8:49  Combat Shield  
  49  8:55  Marine  
  50  9:10  Bunker  
  50  9:11  Missile Turret  
  50  9:13  Marine  
  51  9:31  Marine  
  52  9:32  Missile Turret  
  52  9:39  Bunker  
  52  9:48  Marine  
  53  9:54  Missile Turret  
  53  9:59  Marine x4  
  57  10:06  Marine  
  58  10:11  Bunker  
  58  10:16  Marine  
  58  10:17  Marine x3  
  62  10:24  Marine  
  55  10:34  Marine x2  
  55  10:35  Marine x2  
  42  10:42  Marine  
  42  10:52  Marine x3  
  42  10:53  Marine  
Show
View Real Time Build Order
Export as new Build Order

Ratl Protoss - Winner!

Build Orders: Double Forge 

Get SALT Encoding   

  12  0:01  Probe  
  13  0:14  Probe  
  14  0:26  Probe, Pylon  
  15  0:44  Probe  
  15  0:47  Gateway  
  15  0:49  Assimilator  
  16  0:56  Probe (Chrono Boost)  
  17  1:07  Probe (Chrono Boost)  
  18  1:12  Probe (Chrono Boost)  
  18  1:13  Assimilator  
  19  1:23  Probe  
  20  1:31  Pylon  
  20  1:39  Gateway  
  20  1:42  Probe (Chrono Boost), Cybernetics Core  
  21  1:54  Probe (Chrono Boost)  
  22  2:00  Probe (Chrono Boost)  
  23  2:10  Probe  
  24  2:20  Warp Gate (Chrono Boost)  
  24  2:23  Probe  
  24  2:26  Stalker x2  
  29  2:35  Probe  
  30  2:47  Probe  
  30  2:49  Nexus  
  30  2:50  Pylon  
  31  3:08  Probe, Stalker  
  31  3:09  Stalker  
  36  3:20  Probe  
  37  3:33  Probe  
  38  3:36  Pylon  
  38  3:49  Probe  
  38  3:54  Stalker x2  
  43  4:01  Probe x2  
  45  4:13  Probe x2  
  47  4:17  Forge  
  47  4:21  Forge  
  47  4:28  Robotics Facility  
  47  4:30  Probe x2  
  49  4:34  Zealot x2  
  53  4:42  Probe x2  
  55  4:51  Protoss Ground Weapons Level 1 (Chrono Boost), Protoss Ground Armor Level 1 (Chrono Boost)  
  55  4:54  Probe x2  
  55  4:59  Assimilator  
  57  5:13  Pylon  
  57  5:16  Immortal, Twilight Council  
  62  5:21  Probe  
  62  5:25  Assimilator  
  62  5:28  Pylon  
  62  5:31  Probe  
  62  5:33  Probe, Pylon  
  64  5:38  Pylon  
  64  5:41  Pylon  
  64  5:43  Probe  
  64  5:47  Pylon  
  65  5:50  Probe  
  65  5:51  Pylon  
  65  5:53  Zealot x2  
  65  5:55  Probe, Pylon  
  65  5:56  Charge  
  71  6:02  Probe, Warp Prism  
  74  6:28  Probe x2  
  76  6:33  Zealot x2  
  78  6:40  Probe x2  
  78  6:41  Nexus  
  74  6:55  Probe x2  
  74  7:00  Zealot x2  
  80  7:07  Probe x2  
  82  7:13  Gateway  
  82  7:15  Gateway  
  82  7:17  Gateway  
  82  7:20  Gateway  
  82  7:24  Immortal  
  82  7:25  Gateway  
  82  7:27  Robotics Bay  
  86  7:49  Protoss Ground Weapons Level 2 (Chrono Boost), Protoss Ground Armor Level 2 (Chrono Boost)  
  86  8:08  Probe x3  
  89  8:13  Zealot x2  
  89  8:14  Assimilator  
  89  8:18  Zealot  
  89  8:19  Zealot x2  
  99  8:20  Probe x3  
  102  8:28  Pylon, Assimilator  
  102  8:31  Pylon  
  102  8:35  Extended Thermal Lance  
  102  8:37  Colossus  
  102  8:38  Probe  
  102  8:39  Probe x2  
  111  8:44  Zealot  
  111  8:45  Zealot  
  111  8:46  Zealot x5  
  125  8:51  Probe x3  
  128  9:25  Templar Archives  
  128  9:28  Immortal (Chrono Boost)  
  132  9:41  Robotics Facility  
  132  9:44  Pylon  
  132  10:01  Observer (Chrono Boost)  
  133  10:20  Observer (Chrono Boost)  
  130  10:24  Zealot x3  
  130  10:25  Zealot x3  
  132  10:33  Immortal  
  132  10:35  High Templar  
Tags
 
Add a new tag
Caveats
  • Supply blocks, unpowered buildings, or Contaminate may cause inaccurate times.
  • Supply counts are checked every 10 seconds.